 Dungeon Crawl Stone Soup version 0.31-a0-667-g39726597b9 (webtiles) character file.

Game seed: 10586607846902712182

458 Descartes the Ducker (level 6, -2/28 HPs)
             Began as a Felid Shapeshifter on Sept 3, 2023.
             Killed from afar by an orc wizard (5 damage)
             ... with a magic dart
             ... on level 5 of the Dungeon.
             The game lasted 00:06:19 (3780 turns).

Descartes the Ducker (Felid Shapeshifter)           Turns: 3780, Time: 00:06:20

Health: -2/28      AC:  2    Str: 12    XL:     6   Next: 77%
Magic:  7/7        EV: 19    Int: 12    God:
Gold:   151        SH:  0    Dex: 15    Spells: 5/5 levels left
                                        Lives:  0   Deaths: 2

rFire   . .          .
                       - Unarmed
rCold   . . .        (shield unavailable)
rNeg    . . .        (body armour unavailable)
rPois   .            (helmet unavailable)
rElec   .            (cloak unavailable)
rCorr   .            (gloves unavailable)
SInv    +            (boots unavailable)
Will    .....        (no amulet)
Stlth   +            (no ring)
HPRegen 0.24/turn    (no ring)
MPRegen 0.10/turn

%: no passive effects
@: confused, beast-form, quick
A: beast (slay +2), very small, claws 1, fangs 3, see invisible, speed 1, shaggy
fur 2, stealthy paws, no weapons or thrown items, no armour, multi-lived
a: Begin Untransformation


You were on level 5 of the Dungeon.
You were a hulking beast.
You visited 1 branch of the dungeon, and saw 5 of its levels.

You collected 151 gold pieces.

Inventory:

Talismans
 b - a beast talisman (active)
 c - a flux talisman
Wands
 q - a wand of quicksilver (5)
Scrolls
 e - a scroll of enchant weapon
 g - 4 scrolls of teleportation
 h - a scroll of enchant armour
 i - a scroll of amnesia
 n - 4 scrolls of immolation
 r - 2 scrolls of fear
Potions
 a - a potion of lignification
 d - 2 potions of heal wounds {unknown}
 f - a potion of magic {unknown}
 j - 4 potions of might {unknown}
 l - 2 potions of haste {unknown}
 m - 4 potions of curing {unknown}
 p - a potion of enlightenment {unknown}


   Skills:
 + Level 3.2 Fighting
 + Level 4.9 Dodging
 + Level 4.2 Stealth
 + Level 4.3 Unarmed Combat
 + Level 4.4 Shapeshifting


You had 5 spell levels left.
You didn't know any spells.
Your spell library contained the following spells:

 Spells                   Type           Power      Damage    Failure   Level
 Lesser Beckoning         Tloc           0%         N/A       45%         2
 Gell's Gravitas          Tloc           0%         N/A       69%         3
 Teleport Other           Tloc           0%         N/A       69%         3
 Animate Dead             Necr           0%         N/A       97%         4
 Haunt                    Necr/Summ      0%         N/A       100%        7
 Infestation              Necr           0%         N/A       100%        8


Dungeon Overview and Level Annotations

Branches:
Dungeon (5/15)
 Temple: D:4-7

Altars:
Gozag
Hepliaklqana
Makhleb
Sif Muna


Innate Abilities, Weirdness & Mutations

You are a hulking beast.
Your limbs bulge with bestial killing power. (Slay +2)
You have sharp claws.
You have razor-sharp teeth.
You have supernaturally acute eyesight. (SInv)
You cover ground quickly. (Speed+)
You are covered in thick fur. (AC +2)
Your paws help you pounce on unaware monsters.
You are incapable of wielding weapons or throwing items.
You cannot wear armour.
You gain extra lives every three experience levels.


Message History

The orc is heavily wounded.
You claw the orc!
You kill the orc!
The orc wizard gestures at you while chanting.
The orc wizard resists with some effort.
The orc wizard attacks as it pursues you!
The orc wizard misses you.
The orc wizard gestures at you while chanting.
You are confused.
You bump into the rock wall.
The orc wizard mumbles some strange words.
The orc wizard flickers and vanishes for a moment.
You bump into the rock wall.
You're too confused to move!
The orc wizard gestures at you while chanting.
The magic dart hits the orc wizard.
The orc wizard gestures at you while chanting.
You are more confused.
Unknown command.
You bump into the rock wall.
You hear the slow hiss of an avalanche of sand nearby.
The orc wizard hits you with a +0 dagger.
* * * LOW HITPOINT WARNING * * *
You bump into the rock wall.
The orc wizard closely misses you. The orc wizard misses you.
Unknown command.
You barely miss the orc wizard.
The orc wizard is moderately wounded.
The orc wizard completely misses you. The orc wizard casts a spell at you.
The magic dart hits you.
* * * LOW HITPOINT WARNING * * *
You closely miss the orc wizard. Your claw misses the orc wizard.
The orc wizard is lightly wounded.
The orc wizard gestures at you while chanting.
The orc wizard resists with some effort.
The orc wizard misses you.
The orc wizard gestures at you while chanting.
The magic dart hits you.
You die...

#... ... #..
..## #..# #..#
#.## .# #..#
..## #ho##
...## ##oo####
#.....
#..o...##.....
#...###.....#
.....# ###..##
...## ##..#
##. #.)# #
########..#
.......o..##


You could see 3 orc wizards and an orc.

Vanquished Creatures
  An ogre (D:4)
  A scorpion (D:4)
  A hound (D:5)
  A gnoll bouda (D:4)
  A sleepcap (D:5)
  Terence (D:2)
  6 gnolls
  6 adders
  8 orcs
  7 ball pythons
  9 bats
  7 endoplasms
  6 giant cockroaches
  5 goblins
  8 hobgoblins
  4 quokkas
  13 frilled lizards
  7 kobolds
  4 rats (D:1)
96 creatures vanquished.

Notes
Turn   | Place    | Note
-------+----------+-------------------------------------------
     0 | D:1      | Descartes the Felid Shapeshifter began the quest for the
                  | Orb.
     0 | D:1      | Reached XP level 1. HP: 9/9 MP: 2/2
   123 | D:1      | Reached XP level 2. HP: 4/12 MP: 3/3
   176 | D:1      | Reached skill level 1 in Stealth
   543 | D:1      | Reached XP level 3. HP: 9/15 MP: 4/4
  1000 | D:2      | Noticed Terence
  1010 | D:2      | Killed Terence
  1011 | D:2      | Reached XP level 4. HP: 17/19 MP: 5/5
  1218 | D:2      | Found a burning altar of Makhleb.
  1776 | D:3      | Found a shimmering blue altar of Sif Muna.
  1778 | D:3      | Found an opulent altar of Gozag.
  1780 | D:3      | Found a hazy altar of Hepliaklqana.
  1986 | D:3      | Reached XP level 5. HP: 12/22 MP: 6/6
  2573 | D:4      | Noticed an orc warrior
  3074 | D:4      | Slain by a scorpion
  3107 | D:4      | Gained mutation: You are covered in thick fur. (AC +2)
                  | [Felid growth]
  3107 | D:4      | Reached XP level 6. HP: 23/27 MP: 7/7
  3172 | D:4      | Mangled by an ogre
  3597 | D:5      | Entered Level 5 of the Dungeon
  3780 | D:5      | Killed from afar by an orc wizard

Illustrated notes

Levels and vault maps discovered:
D:1:      dpeg_arrival_central, layout_loops_ring, minmay_lizard_king
D:2:      layout_loops_ring, basic_altar, uniq_terence
D:3:      layout_loops_cross, minitemple, minmay_surrounded
D:4:      layout_loops_corners, minmay_overflow_temple_star_hex, uniq_eustachio
D:5:      layout_layer_cave, temple_hall, nicolae_ossuary_entry_plus

Skill      XL: |  1  2  3  4  5  6 |
---------------+-------------------+-----
Stealth        | 1 2 3 4 |  4.2
Dodging        | 3 4 |  4.9
Fighting       | 2 3 |  3.2
Shapeshifting  | 4 |  4.4
Unarmed Combat | 4 |  4.3

Action                     |  1- 3 |  4- 6 || total
---------------------------+-------+-------++-------
  Melee: Unarmed           |    78 |   141 ||   219
         Bite              |     8 |    18 ||    26
         Punch             |     2 |     6 ||     8
    Use: Scroll            |       |     9 ||     9
   Stab: Sleeping          |     4 |     4 ||     8
         Distracted        |       |     1 ||     1
 Armour: Skin              |    13 |    41 ||    54
  Dodge: Dodged            |    46 |   120 ||   166

Table legend: (Time is in decaauts)
 A = Elapsed time spent in this place.
 B = Non-inter-level travel time spent in this place.
 C = Inter-level travel time spent in this place.
 D = Time resting spent in this place.
 E = Time spent auto-exploring this place.
 F = Levels seen in this place.
 G = Mean time per level.
                   A        B        C        D        E       F      G
               +--------+--------+--------+--------+--------+-----+--------+
         Total |   3175 |   3075 |    100 |     10 |   2299 |   5 |  635.0 |
       Dungeon |   3175 |   3075 |    100 |     10 |   2299 |   5 |  635.0 |
               +--------+--------+--------+--------+--------+-----+--------+

Top non-repeatable levels by time:
     D:4: 988 daAuts
     D:1: 702 daAuts
     D:3: 671 daAuts
     D:2: 658 daAuts
     D:5: 155 daAuts
